 Dungeon Crawl Stone Soup version 0.18.1-2-ga659475 (webtiles) character file.

1592 HungrySpirit the Slicer (level 9, 0/64 HPs)
             Began as a Formicid Ice Elementalist on May 8, 2016.
             Was an Initiate of Okawaru.
             Slain by an orc warrior
             ... wielding a +2 vampiric short sword
              (6 damage)
             ... on level 5 of the Dungeon.
             The game lasted 00:12:08 (5978 turns).

HungrySpirit the Slicer (Formicid Ice Elementalist) Turns: 5978, Time: 00:12:09

Health: 0/64       AC:  8    Str: 17    XL:     9   Next: 15%
Magic:  12/12      EV: 10    Int: 14    God:    Okawaru [......]
Gold:   339        SH:  0    Dex: 13    Spells: 1 memorised, 11 levels left

rFire  . . .     SeeInvis +     a - +1 dagger (elec)
rCold  . . .     Gourm    .     w - +0 scale mail of Too Many Cooks {+Fly Dex+2}
rNeg   . . .     Faith    .     (no shield)
rPois  .         Spirit   .     (helmet unavailable)
rElec  .         Dismiss  .     n - +0 cloak
rCorr  .         Reflect  .     (no gloves)
SustAt .         Harm     .     (no boots)
MR     .....                    (no amulet)
Stlth  ++........               (no ring)
                                k - ring of stealth

@: not resistant to hostile enchantments, unstealthy
A: permanent stasis, dig shafts and tunnels, four strong arms, antennae 3
a: Dig, Shaft Self, Renounce Religion, Evoke Flight


You were on level 5 of the Dungeon.
You worshipped Okawaru.
Okawaru was noncommittal.
You were not hungry.

You visited 2 branches of the dungeon, and saw 8 of its levels.

You collected 339 gold pieces.

Inventory:

Hand Weapons
 a - a +1 dagger of electrocution (weapon)
 H - a +0 falchion
Missiles
 q - 25 poisoned needles
 x - 7 curare-tipped needles
Armour
 n - a +0 cloak (worn)
 w - the +0 scale mail of Too Many Cooks (worn) {+Fly Dex+2}
   (You found it on level 6 of the Dungeon)

   It affects your dexterity (+2).
   It lets you fly.
Jewellery
 k - a ring of stealth (left hand)
Wands
 o - a wand of digging (13/24)
 u - a wand of flame (28/48)
Scrolls
 d - a scroll of amnesia {unknown}
 f - a scroll of magic mapping {unknown}
 g - 4 scrolls of teleportation {unknown}
 m - a scroll of immolation {unknown}
 p - 2 scrolls of fog {unknown}
 s - 5 scrolls of enchant weapon {unknown}
 v - a scroll of remove curse {unknown}
 F - a scroll of noise {unknown}
Potions
 e - 2 potions of curing
 h - 2 potions of ambrosia {unknown}
 j - a potion of magic
 l - a potion of berserk rage
 r - a potion of flight
 t - a potion of haste
 A - a potion of degeneration {unknown}
 B - a potion of might {unknown}
 C - a potion of lignification {unknown}
 E - a potion of brilliance {unknown}
 G - a potion of agility {unknown}
Books
 b - a book of Frost

   Spells                             Type                      Level
   a - Freeze                         Ice                          1
   b - Throw Frost                    Conjuration/Ice              2
   c - Ozocubu's Armour               Charms/Ice                   3
   d - Throw Icicle                   Conjuration/Ice              4
   e - Summon Ice Beast               Ice/Summoning                4
 y - a book of Envenomations

   Spells                             Type                      Level
   a - Spider Form                    Transmutation/Poison         3
   b - Olgreb's Toxic Radiance        Poison                       4
   c - Alistair's Intoxication        Transmutation/Poison         5
   d - Poisonous Cloud                Conjuration/Poison/Air       6
Comestibles
 c - 6 bread rations
 i - 3 meat rations
 z - a royal jelly
 D - 2 chunks of flesh


   Skills:
 + Level 3.2 Fighting
 - Level 8.9(9.2) Short Blades
 * Level 3.7(6.8) Long Blades
   Level 1.0 Maces & Flails
 + Level 3.2 Armour
 - Level 1.7 Dodging
 - Level 2.4 Stealth
 - Level 2.1 Spellcasting
   Level 0.8 Conjurations
 - Level 3.0 Ice Magic


You had 11 spell levels left.
You knew the following spells:

 Your Spells              Type           Power        Failure   Level  Hunger
a - Freeze                Ice            #...         24%         1    #......


Dungeon Overview and Level Annotations

Branches:
Dungeon (7/15)             Temple (1/1) D:4

Altars:
Ashenzari
Cheibriados
Dithmenos
Elyvilon
Fedhas
Gozag
Kikubaaqudgha
Makhleb
Nemelex Xobeh
Okawaru
Pakellas
Qazlal
Ru
Sif Muna
Trog
Xom
Yredelemnul
Zin
The Shining One

Shops:
D:4 =


Innate Abilities, Weirdness & Mutations

You are under a permanent stasis effect.
You can dig through walls and to a lower floor.
Your four strong arms can wield two-handed weapons with a shield.
You have a pair of large antennae on your head (SInv).


Message History

a leather armour; an orc corpse
Items here: ( ))) [[[ You hit the orc warrior but do no damage.
The orc warrior hits you with a vampiric short sword!
You closely miss the orc warrior.
You hit the orc warrior but do no damage.
The orc warrior hits you with a vampiric short sword!!
You closely miss the orc warrior.
You hit the orc warrior but do no damage.
The orc warrior hits you with a vampiric short sword!
You closely miss the orc warrior.
You hit the orc warrior but do no damage.
The orc warrior hits you with a vampiric short sword.
Are you sure you want to shaft yourself?
You feel somewhat more hungry.
The orc warrior hits you with a vampiric short sword!
* * * LOW HITPOINT WARNING * * *
You begin to dig a shaft.
You continue digging a shaft.
The orc warrior hits you with a vampiric short sword.
You die...

..............).[..#
##.......
#..............(...#
#......
#............{)[.).#
###..
#####.......)......#
##########.....#
#.....# ###.### ##o#
#@## ###


You could see an orc warrior.

Vanquished Creatures
  Menkaure (D:4)
  2 phantoms
  3 ogres
  Blork the orc (D:5)
  3 giant frogs (D:6)
  A scorpion (D:5)
  The ghost of ThereIsNoGod the Chopper, a weakling DsGl of Cheibriados (D:3)
  3 crimson imps
  2 orc priests
  A hound (D:4)
  3 orc wizards (D:5)
  2 centaur skeletons
  2 iguanas
  4 worker ants
  A hound skeleton (D:5)
  9 adders
  A shadow imp (D:7)
  2 adder skeletons
  3 worms
  A dart slug (D:3)
  3 giant geckos
  22 orcs
  A ball python (D:2)
  4 giant cockroaches
  8 hobgoblins
  8 jackals
  3 kobolds
  3 quokkas
  6 bats
  2 giant gecko skeletons
  5 giant newts
  8 goblins
  A goblin zombie (D:4)
  6 rats
  A rat zombie (D:4)
127 creatures vanquished.

Vanquished Creatures (others)
  A quokka (D:3)
1 creature vanquished.

Grand Total: 128 creatures vanquished

Notes
Turn   | Place    | Note
--------------------------------------------------------------
     0 | D:1      | HungrySpirit the Formicid Ice Elementalist began the quest for the Orb.
     0 | D:1      | Reached XP level 1. HP: 13/13 MP: 3/3
   237 | D:1      | Reached skill level 1 in Maces & Flails
   263 | D:1      | Reached XP level 2. HP: 20/20 MP: 5/5
   320 | D:1      | Reached skill level 1 in Short Blades
   707 | D:1      | Reached XP level 3. HP: 25/25 MP: 6/6
   978 | D:2      | Reached skill level 2 in Short Blades
  1189 | D:2      | Found a stormy altar of Qazlal.
  1457 | D:3      | Reached XP level 4. HP: 31/31 MP: 7/7
  1581 | D:3      | Reached skill level 3 in Short Blades
  1741 | D:3      | Noticed ThereIsNoGod's ghost (weakling DsGl)
  1759 | D:3      | Killed ThereIsNoGod's ghost
  1759 | D:3      | Reached XP level 5. HP: 27/36 MP: 8/8
  1846 | D:3      | Found a faded altar to an unknown god.
  1865 | D:3      | Found a white marble altar of Elyvilon.
  1899 | D:3      | Reached skill level 4 in Short Blades
  2103 | D:3      | Found a deep blue altar of Sif Muna.
  2285 | D:4      | Noticed Menkaure
  2288 | D:4      | Killed Menkaure
  2288 | D:4      | Reached skill level 5 in Short Blades
  2288 | D:4      | Reached XP level 6. HP: 42/42 MP: 9/9
  2487 | D:4      | You fall through a shaft for 2 floors!
  2494 | D:6      | Noticed a phantom
  2525 | D:6      | Killed a phantom
  2525 | D:6      | Reached skill level 6 in Short Blades
  2525 | D:6      | Reached XP level 7. HP: 47/47 MP: 10/10
  2652 | D:6      | Reached skill level 7 in Short Blades
  2931 | D:7      | Reached skill level 8 in Short Blades
  2931 | D:7      | Reached XP level 8. HP: 16/53 MP: 11/11
  3862 | D:6      | Reached skill level 1 in Fighting
  3862 | D:6      | Reached skill level 1 in Armour
  3864 | D:6      | Got a faintly humming scale mail
  3913 | D:5      | Entered Level 5 of the Dungeon
  3998 | D:6      | Identified the +0 scale mail of Too Many Cooks {+Fly Dex+2} (You found it on level 6 of the Dungeon)
  4032 | D:5      | Noticed Blork the orc
  4099 | D:5      | Killed Blork the orc
  4099 | D:5      | Reached skill level 1 in Long Blades
  4946 | D:4      | Found Ecitoq's Jewellery Boutique.
  5037 | D:4      | Found a staircase to the Ecumenical Temple.
  5054 | Temple   | Entered the Ecumenical Temple
  5104 | Temple   | Became a worshipper of Warmaster Okawaru
  5264 | D:5      | Found a sparkling altar of Nemelex Xobeh.
  5392 | D:5      | Reached XP level 9. HP: 13/62 MP: 12/12
  5978 | D:5      | Slain by an orc warrior

Skill      XL: |  1  2  3  4  5  6  7  8  9 |
---------------+----------------------------+-----
Maces & Flails | 1 |  1.0
Short Blades   | 1 2 3 5 6 8 |  8.9
Fighting       | 2 3 |  3.2
Armour         | 2 3 |  3.2
Long Blades    | 3 |  3.7
Dodging        | |  1.7
Stealth        | |  2.4
Spellcasting   | |  2.1
Conjurations   | |  0.8
Ice Magic      | |  3.0

Action                   |  1- 3 |  4- 6 |  7- 9 || total
-------------------------+-------+-------+-------++-------
Melee: Club              |    13 |       |       ||    13
       Dagger            |   106 |    61 |   278 ||   445
       Unarmed           |     2 |       |       ||     2
 Cast: Freeze            |     3 |       |       ||     3
 Abil: Dig               |       |       |     3 ||     3
       Shaft Self        |       |       |     1 ||     1
  Use: Scroll            |       |       |     3 ||     3
       Potion            |       |       |     2 ||     2
 Stab: Sleeping          |     1 |     6 |     3 ||    10
  Eat: Chunk             |     2 |     3 |     9 ||    14
       Fruit             |       |       |     3 ||     3
Armor: Robe              |    16 |       |       ||    16
       Scale mail        |    45 |    13 |    66 ||   124
Dodge: Dodged            |    72 |    19 |    66 ||   157
